 Dungeon Crawl Stone Soup version 0.16.1-28-gcc2312f (webtiles) character file.

2828 tyrion the Grave Robber (level 9, 0/81 HPs)
             Began as a Deep Dwarf Necromancer on May 31, 2015.
             Was a Believer of Makhleb.
             Slain by a white ugly thing (3 damage)
             ... on level 9 of the Dungeon.
             The game lasted 00:37:44 (7695 turns).

tyrion the Grave Robber (Deep Dwarf Necromancer)    Turns: 7695, Time: 00:37:44

Health: 0/81       AC:  5    Str: 12    XL:     9   Next: 45%
Magic:  20/27      EV: 15    Int: 21    God:    Makhleb [**....]
Gold:   388        SH:  0    Dex: 13    Spells: 2 memorised, 13 levels left

rFire  . . .     SeeInvis .     v - +0 dagger (drain)
rCold  . . .     Clarity  .     f - +1 animal skin
rNeg   . . .     SustAb   .     (no shield)
rPois  .         Gourm    .     a - +1 hat
rElec  .         Spirit   .     i - +0 cloak
rCorr  .         Warding  .     (no gloves)
rMut   .         Stasis   .     (no boots)
MR     +....                    (no amulet)
Stlth  ++........               m - ring of invisibility
                                r - ring of magical power

@: non-regenerating, somewhat resistant to hostile enchantments, unstealthy
A: damage resistance, recharge devices, clever 1, low mp 1, sense surroundings
2, slow healing 3, MP-powered wands 1
a: Device Recharging, Minor Destruction, Renounce Religion, Evoke Invisibility


You were on level 9 of the Dungeon.
You worshipped Makhleb.
Makhleb was pleased with you.
You were not hungry.

You visited 2 branches of the dungeon, and saw 10 of its levels.

You collected 388 gold pieces.

Inventory:

Hand weapons
 d - a +1 flail of holy wrath
 v - a +0 dagger of draining (weapon)
Armour
 a - a +1 hat (worn)
 f - a +1 animal skin (worn)
 i - a +0 cloak (worn)
Jewellery
 m - a ring of invisibility (right hand)
 p - a cursed ring of protection from cold
 r - a ring of magical power (left hand)
Magical devices
 c - a wand of heal wounds (3)
 g - a wand of heal wounds (8)
 h - a wand of frost (24)
 n - a wand of digging (17)
 y - a wand of cold (5)
Scrolls
 e - 5 scrolls of remove curse
 j - 3 scrolls of amnesia
 o - 7 scrolls of identify
 u - 2 scrolls of blinking
 C - a scroll of fear
Potions
 k - a potion of restore abilities
 q - a potion of might
Books
 b - a book of Necromancy

   Spells                             Type                      Level
   a - Pain                           Necromancy                   1
   b - Animate Skeleton               Necromancy                   1
   c - Vampiric Draining              Necromancy                   3
   d - Regeneration                   Charms/Necromancy            3
   e - Animate Dead                   Necromancy                   4
   f - Control Undead                 Necromancy                   4
 A - a book of Envenomations

   Spells                             Type                      Level
   a - Spider Form                    Transmutation/Poison         3
   b - Alistair's Intoxication        Transmutation/Poison         4
   c - Olgreb's Toxic Radiance        Poison                       4
   d - Poisonous Cloud                Conjuration/Poison/Air       6
 D - a book of Control

   Spells                             Type                      Level
   a - Control Teleport               Charms/Translocation         4
   b - Control Undead                 Necromancy                   4
   c - Enslavement                    Hexes                        4
   d - Metabolic Englaciation         Hexes/Ice                    5
   e - Mass Confusion                 Hexes                        6
Comestibles
 l - a chunk of flesh


   Skills:
 + Level 5.3 Fighting
 - Level 4.5 Short Blades
 + Level 6.6 Dodging
 - Level 2.4 Stealth
 + Level 4.9 Spellcasting
 * Level 7.7 Necromancy
 * Level 4.3 Evocations


You had 13 spell levels left.
You knew the following spells:

 Your Spells              Type           Power        Failure   Level  Hunger
a - Pain                  Necr           ####         1%          1    None
b - Vampiric Draining     Necr           #####.....   1%          3    ##.....


Dungeon Overview and Level Annotations

Branches:
Dungeon (9/15)             Temple (1/1) D:5
   Lair: D:8-11         Orc: D:9-12

Altars:
Ashenzari
Cheibriados
Dithmenos
Fedhas
Gozag
Kikubaaqudgha
Makhleb
Nemelex Xobeh
Okawaru
Qazlal
Ru
Sif Muna
Trog
Vehumet
Xom
Yredelemnul
The Shining One

Shops:
D:4 %   D:5 :

Annotations:
D:2 Sigmund
D:5 books


Innate Abilities, Weirdness & Mutations

You are resistant to damage.
You can recharge devices by infusing magical energy.
You passively map the area around you.
You do not heal naturally.
Your mind is acute. (Int +2)
Your magical capacity is low (-10% MP).
You expend magic power (3 MP) to slightly strengthen your wands.


Message History

The white ugly thing is lightly wounded.
You feel life coursing into your body. The white ugly thing headbutts you!
The white ugly thing freezes you!! The white ugly thing headbutts you!
The white ugly thing freezes you!
Casting: Vampiric Draining
Confirm with . or Enter, or press ? or * to list all spells.
Aiming: Vampiric Draining
Press: ? - help, Shift-Dir - straight line, f/p - white ugly thing
Aim: a white ugly thing (lightly wounded)
The white ugly thing is moderately wounded.
You feel life coursing into your body. The white ugly thing headbutts you.
The white ugly thing freezes you!!
* * * LOW HITPOINT WARNING * * *
The white ugly thing barely misses you.
There is an open door here.
There is an open door here.
There is an open door here.
The white ugly thing barely misses you. The white ugly thing headbutts you.
You die...

#####..#...#....#...#...#
#.....#...#....'...'...#
#.....#...#....#...#...#
#..#####'##..########'##
#........#......'..#...#
,+........#......#..#...#
,#........#####..#..#...#
#........#...####).#...#
,##+#.....#....u@'..#...#
#........#..g#..#..#...#
,#........#...########'##
##..#..)<.#..g......#...#
#...#######.........#...#
'...#...............##'##
#...#...............#...#
#...#.........#...#+#...#
#...#.....##+##.....#...#


You could see a white ugly thing and a hobgoblin.

Vanquished Creatures
  A wyvern (D:9)
  A warg (D:8)
  Edmund (D:4)
  3 sky beasts
  A water moccasin (D:7)
  2 ice beasts
  4 ogres
  A phantom (D:9)
  An orc warrior (D:7)
  A centaur (D:8)
  Blork the orc (D:3)
  2 giant frogs
  A scorpion (D:6)
  6 killer bees
  A centaur zombie (D:7)
  2 hounds (D:9)
  A crimson imp (D:8)
  2 jellies
  5 orc priests
  A giant frog skeleton (D:8)
  3 worker ants
  3 orc wizards
  An iguana (D:9)
  A killer bee zombie (D:6)
  A hound skeleton (D:7)
  A mummy (D:9)
  Robin (D:3)
  6 adders
  A giant mite (D:4)
  2 worms
  An adder zombie (D:6)
  2 adder skeletons
  2 giant geckos (D:3)
  3 oozes
  19 orcs
  12 bats
  A bat skeleton (D:6)
  2 giant cockroaches
  12 goblins
  22 hobgoblins
  4 quokkas
  2 ball pythons
  3 giant gecko skeletons
  A giant gecko zombie (D:6)
  2 giant newts
  8 jackals
  13 kobolds
  4 rats
171 creatures vanquished.

Vanquished Creatures (others)
  An orc (D:8)
  A goblin (D:4)
2 creatures vanquished.

Grand Total: 173 creatures vanquished

Notes
Turn   | Place    | Note
--------------------------------------------------------------
     0 | D:1      | tyrion, the Deep Dwarf Necromancer, began the quest for the Orb.
     0 | D:1      | Reached XP level 1. HP: 15/15 MP: 2/2
   280 | D:1      | Reached XP level 2. HP: 16/22 MP: 2/4
   969 | D:1      | Reached XP level 3. HP: 27/30 MP: 3/6
   974 | D:1      | Learned a level 3 spell: Vampiric Draining
  1023 | D:1      | Reached skill level 1 in Fighting
  1413 | D:2      | Noticed Sigmund
  1749 | D:3      | Reached XP level 4. HP: 23/38 MP: 5/8
  1799 | D:3      | Found a deep blue altar of Sif Muna.
  1800 | D:3      | Found a radiant altar of Vehumet.
  2008 | D:3      | Reached skill level 5 in Necromancy
  2196 | D:3      | Noticed Robin
  2266 | D:3      | Killed Robin
  2502 | D:3      | Gained mutation: Your mind is acute. (Int +2) [potion of mutation]
  2502 | D:3      | Gained mutation: Your magical capacity is low (-10% MP). [potion of mutation]
  2502 | D:3      | Gained mutation: You expend magic power (3 MP) to slightly strengthen your wands. [potion of mutation]
  2616 | D:3      | Reached XP level 5. HP: 31/45 MP: 8/8
  2720 | D:4      | Found Weolopre's Food Shoppe.
  2824 | D:4      | Noticed Blork the orc
  2989 | D:3      | HP: 2/45 [something/puff of flame (2)]
  2992 | D:3      | Killed Blork the orc
  3090 | D:4      | Reached XP level 6. HP: 44/55 MP: 9/9
  3160 | D:4      | Noticed Edmund
  3201 | D:4      | Killed Edmund
  3493 | D:4      | Found a basalt altar of Yredelemnul.
  3545 | D:4      | Noticed an ogre
  3599 | D:4      | Killed an ogre
  3599 | D:4      | Reached XP level 7. HP: 44/62 MP: 12/12
  3715 | D:4      | Reached skill level 1 in Short Blades
  3913 | D:4      | Reached skill level 6 in Necromancy
  4056 | D:5      | Entered Level 5 of the Dungeon
  4133 | D:5      | Reached skill level 5 in Dodging
  4395 | D:5      | Found Frohuta's Book Emporium.
  4647 | D:5      | Found a staircase to the Ecumenical Temple.
  4657 | Temple   | Entered the Ecumenical Temple
  4768 | Temple   | Became a worshipper of Makhleb the Destroyer
  5161 | D:7      | Reached XP level 8. HP: 31/72 MP: 4/15
  5186 | D:7      | HP: 3/72 [poisoned by a killer bee]
  5187 | D:7      | HP: 1/72 [poisoned by a killer bee]
  5442 | D:7      | Found a blossoming altar of Fedhas.
  5925 | D:6      | Acquired Makhleb's first power
  6049 | D:6      | Found an opulent altar of Gozag.
  6380 | D:8      | Reached skill level 5 in Fighting
  6403 | D:8      | Found a staircase to the Lair.
  6442 | D:8      | Reached skill level 7 in Necromancy
  6442 | D:8      | Reached skill level 1 in Evocations
  6442 | D:8      | Gained mutation: You passively map the area around you. [level up]
  6442 | D:8      | Reached XP level 9. HP: 28/81 MP: 10/18
  6526 | D:8      | ::
  7269 | D:9      | Acquired Makhleb's second power
  7663 | D:9      | Noticed a white ugly thing
  7674 | D:9      | HP: 3/81 [white ugly thing (26)]
  7695 | D:9      | Slain by a white ugly thing

Action                   |  1- 3 |  4- 6 |  7- 9 || total
-------------------------+-------+-------+-------++-------
Melee: Unarmed           |    40 |       |       ||    40
       Dagger            |    55 |   143 |   319 ||   517
       Flail             |       |       |    47 ||    47
 Cast: Pain              |    76 |    43 |    20 ||   139
       Vampiric Draining |     6 |    33 |    90 ||   129
Evoke: Wand              |     1 |     6 |     7 ||    14
  Use: Scroll            |     4 |     3 |    10 ||    17
       Potion            |       |    11 |     5 ||    16
 Stab: Invisible         |       |     1 |       ||     1
       Sleeping          |       |       |     3 ||     3
  Eat: Chunk             |     4 |     6 |     9 ||    19
       Bread ration      |       |     1 |     1 ||     2
       Beef jerky        |       |       |     3 ||     3
       Pizza             |       |       |     1 ||     1
